[Event "Titled Tuesday Blitz May 24 Early 2022"]
[White "Kruckenhauser, Arthur"]
[Black "Timofeev, Artyom"]
[WhiteFideId "1642812"]
[BlackFideId "4140419"]
[WhiteElo "2243"]
[BlackElo "2594"]
[Result "0-1"]
[Round "08"]
[TimeControl "180+1"]
[Date "2022.05.24"]
[WhiteClock "0:00:01"]
[BlackClock "0:00:55"]

1. e4 c5 2. c3 Nf6 3. e5 Nd5 4. Bc4 Nb6 5. Bb3 d5 6. d4 cxd4 7. cxd4 Bf5 8. Nc3 e6 9. Nge2 Be7 10. O-O Nc6 11. Bc2 Bxc2 12. Qxc2 Rc8 13. Qd3 O-O 14. Qg3 f6 15. exf6 Bxf6 16. Be3 Nc4 17. Nf4 Qd6 18. Nb5 Qd7 19. Nh5 a6 20. Na3 Nxb2 21. Rab1 Nc4 22. Nc2 b5 23. Bg5 Bxg5 24. Qxg5 Qf7 25. Rb3 Qg6 26. Qh4 Qxc2 27. Rg3 g6 28. Nf6+ Rxf6 29. Qxf6 Qf5 30. Qh4 Nd2 31. Re1 Rf8 32. f3 Qf6 33. Qh3 Nxd4 34. Kh1 Nf5 35. Rg4 Nc4 36. Qh5 Nce3 0-1


[Site "https://www.chess.com"]

[Event "Titled Tuesday Blitz May 24 Early 2022"]
[White "Kucuksari, Kaan"]
[Black "Miszler, Levente"]
[WhiteFideId "6380166"]
[BlackFideId "763276"]
[WhiteElo "2305"]
[BlackElo "1966"]
[Result "1/2-1/2"]
[Round "08"]
[TimeControl "180+1"]
[Date "2022.05.25"]
[WhiteClock "0:00:57"]
[BlackClock "0:00:11"]

1. d4 Nf6 2. c4 e6 3. g3 Bb4+ 4. Bd2 Be7 5. Bg2 O-O 6. Nf3 d5 7. O-O c6 8. Qc2 Nbd7 9. Bg5 h6 10. Bxf6 Nxf6 11. Nbd2 Re8 12. e4 dxe4 13. Nxe4 Nxe4 14. Qxe4 Bf6 15. Ne5 Qc7 16. c5 Rd8 17. Rfd1 Bd7 18. b4 Be8 19. a4 a6 20. Nc4 a5 21. Nxa5 Rd7 22. Nc4 Rad8 23. Nd6 Be7 24. Nxe8 Rxe8 25. b5 cxb5 26. axb5 Red8 27. b6 Qc8 28. Ra7 Bxc5 29. Rc1 Rxd4 30. Qxb7 Qxb7 31. Rxb7 Rd1+ 32. Rxd1 Rxd1+ 33. Bf1 Rb1 34. Rb8+ Kh7 35. b7 Ba7 36. Kg2 g6 37. Bd3 Rb2 38. Rd8 Rxb7 39. Ra8 Kg7 40. Be4 Rc7 41. g4 Bd4 42. Ra4 e5 43. h4 Rd7 44. Bc6 Rc7 45. Be4 Rc3 46. Rb4 Rc7 47. Ra4 1/2-1/2


[Site "https://www.chess.com"]

[Event "Titled Tuesday Blitz May 24 Early 2022"]
[White "Kuderinov, Kirill"]
[Black "Hasangatin, Ramil"]
[WhiteFideId "13701568"]
[BlackFideId "4122160"]
[WhiteElo "2432"]
[BlackElo "2399"]
[Result "1-0"]
[Round "08"]
[TimeControl "180+1"]
[Date "2022.05.25"]
[WhiteClock "0:00:04"]
[BlackClock "0:00:07"]

1. c4 e5 2. Nc3 Nf6 3. g3 Bb4 4. d3 Bxc3+ 5. bxc3 O-O 6. Bg2 Re8 7. e4 c6 8. Ne2 d5 9. cxd5 cxd5 10. exd5 Nxd5 11. O-O Nc6 12. d4 Bg4 13. Qc2 Bxe2 14. Qxe2 Nxc3 15. Qb2 Nxd4 16. Be3 Rc8 17. Qxb7 Rc7 18. Qa6 Qf6 19. Qa5 Qb6 20. Qxb6 axb6 21. Kh1 h5 22. Rac1 Ree7 23. a3 b5 24. Rfe1 g6 25. Bd2 Nce2 26. Rxc7 Rxc7 27. Bf1 Rc2 28. Be3 f6 29. Rd1 Nc3 30. Rd3 Nf5 31. Rd8+ Kf7 32. Bd3 Rb2 33. Bc5 e4 34. Bf1 Ke6 35. Bb4 Nd5 36. Bxb5 Nxb4 37. Bc4+ Ke5 38. axb4 Rxb4 39. Bf7 Ne7 40. Rd7 Rb2 41. Rxe7+ Kf5 42. Kg2 h4 43. gxh4 Kf4 44. Bxg6 f5 45. Rf7 Kg4 46. Rxf5 Kxh4 47. Rh5+ Kg4 48. Re5 Kf4 49. Rxe4+ Kg5 50. Be8 Kf5 51. Re3 Kf6 52. Bc6 Kf5 53. Bf3 Kf4 54. Re4+ Kf5 55. Rg4 Rb3 56. Rg3 Kf4 57. h4 Rb2 58. h5 Rb6 59. Rg6 Rb8 60. h6 Kf5 61. Ra6 Rh8 62. Be2 Kg5 63. Kg3 Kf5 64. Bd3+ Kg5 65. h7 Kh5 66. Rg6 1-0


[Site "https://www.chess.com"]

[Event "Titled Tuesday Blitz May 24 Early 2022"]
[White "Lazavik, Denis"]
[Black "Kovalev, Vladislav"]
[WhiteFideId "13515110"]
[BlackFideId "13504398"]
[WhiteElo "2437"]
[BlackElo "2530"]
[Result "1/2-1/2"]
[Round "08"]
[TimeControl "180+1"]
[Date "2022.05.24"]
[WhiteClock "0:00:11"]
[BlackClock "0:00:11"]

1. d4 Nf6 2. c4 e6 3. Nf3 Bb4+ 4. Bd2 Qe7 5. g3 b6 6. Bg2 Bb7 7. O-O Bxd2 8. Qxd2 d6 9. Qc2 Be4 10. Qa4+ Bc6 11. Qb3 O-O 12. Rd1 e5 13. dxe5 dxe5 14. Nc3 Nbd7 15. Nd5 Bxd5 16. cxd5 e4 17. Nd4 Nc5 18. Qc4 a5 19. Nb5 Rfd8 20. Rd4 Rd7 21. Nxc7 Rad8 22. Rad1 Qe5 23. Na6 Nxa6 24. Qxa6 Rd6 25. Qc4 h5 26. Bxe4 Nxe4 27. Rxe4 Qxb2 28. a4 g6 29. Red4 Re8 30. e3 Qa3 31. R4d3 Qb2 32. Qd4 Qa2 33. R3d2 Qb3 34. Rb2 Qa3 35. Rxb6 Rxb6 36. Qxb6 Qxa4 37. Qd4 Qxd4 38. Rxd4 Ra8 39. Ra4 f5 40. Kf1 Kf7 41. f3 Ke7 42. Ke2 Kd6 43. e4 fxe4 44. fxe4 Kc5 45. Kd3 Ra7 46. Kc3 Ra8 47. Rc4+ Kd6 48. Rc6+ Kd7 49. Kb3 a4+ 50. Ka3 Re8 51. Rc4 Kd6 52. Kxa4 Ke5 53. Kb3 Rf8 54. Kc3 Rf2 55. Kd3 Rf3+ 56. Ke2 Ra3 57. Kf2 g5 58. Rc8 Kxe4 59. d6 Rd3 60. Re8+ Kf5 61. Rd8 Ke6 62. Rg8 Kf6 63. Rd8 Ke6 64. Rh8 Rxd6 65. Rh6+ Ke7 66. Rxh5 Rd5 67. h4 Kf6 68. Kf3 Kg6 69. Rxg5+ Rxg5 70. hxg5 Kxg5 71. g4 Kg6 72. Kf4 Kf6 73. g5+ Kg6 74. Kg4 Kg7 75. Kf5 Kf7 76. g6+ Kg7 77. Kg5 Kg8 78. Kf6 Kf8 79. g7+ Kg8 80. Kg6 1/2-1/2


[Site "https://www.chess.com"]

[Event "Titled Tuesday Blitz May 24 Early 2022"]
[White "Le, Tuan Minh"]
[Black "Khoroshev, Nikita"]
[WhiteFideId "12401153"]
[BlackFideId "14200287"]
[WhiteElo "2450"]
[BlackElo "2354"]
[Result "1-0"]
[Round "08"]
[TimeControl "180+1"]
[Date "2022.05.24"]
[WhiteClock "0:00:45"]
[BlackClock "0:01:35"]

1. d4 Nf6 2. Nf3 g6 3. Bg5 Bg7 4. Nbd2 d5 5. c3 O-O 6. e3 Nbd7 7. Bd3 c5 8. O-O h6 9. Bh4 b6 10. a4 Bb7 11. a5 e6 12. Ne5 Qc7 13. f4 c4 14. Bc2 bxa5 15. Qb1 Rab8 16. Qa2 Nxe5 17. fxe5 Ng4 18. Rfe1 h5 19. h3 Nh6 20. Qxa5 Qxa5 21. Rxa5 Bc6 22. Rb1 Rb7 23. b4 cxb3 24. Rxb3 Rfb8 25. Rxa7 Rxa7 26. Rxb8+ Bf8 27. Bg5 Nf5 28. Bxf5 gxf5 29. Bh6 Ra8 30. Rxa8 Bxa8 31. Bxf8 Kxf8 32. Kf2 Kg7 33. Kg3 Kg6 34. Kh4 Bc6 35. Nf1 Ba4 36. Nd2 Bd1 37. c4 dxc4 38. Nxc4 Be2 39. Nd2 Bd3 40. Kg3 Kg5 41. Nf3+ Kh6 42. Kf4 Be4 43. Ng5 Bxg2 44. Nxf7+ Kg6 45. Ng5 h4 46. Nxe6 Bxh3 47. d5 Bg2 48. d6 Bc6 49. Nd4 Ba4 50. e6 Kf6 51. d7 Ke7 52. Nxf5+ Kd8 53. Nxh4 Bb3 54. Ke5 1-0


[Site "https://www.chess.com"]

[Event "Titled Tuesday Blitz May 24 Early 2022"]
[White "Levitskiy, Andrey"]
[Black "Fier, Alexandr"]
[WhiteFideId "14132885"]
[BlackFideId "2107139"]
[WhiteElo "2301"]
[BlackElo "2571"]
[Result "1-0"]
[Round "08"]
[TimeControl "180+1"]
[Date "2022.05.25"]
[WhiteClock "0:00:20"]
[BlackClock "0:01:42"]

1. e4 Nf6 2. e5 Nd5 3. d4 d6 4. Nf3 Nc6 5. c4 Nb6 6. e6 fxe6 7. Bd3 g6 8. h4 Bg7 9. Be3 e5 10. h5 exd4 11. Bg5 Bf5 12. h6 Be5 13. Bxf5 gxf5 14. Nh4 Qd7 15. Qh5+ Kd8 16. Nd2 Nb4 17. O-O c5 18. Nxf5 Kc7 19. Nxe7 Rae8 20. f4 Rxe7 21. fxe5 Rxe5 22. Rf7 Rg8 23. Rxd7+ Nxd7 24. Nf3 Re2 25. Qf7 Rf8 26. Qxh7 Nc2 27. Qd3 Rfe8 28. h7 Nxa1 29. Qxe2 Rxe2 30. h8=Q Nb6 31. Bd8+ Kc6 32. Bxb6 Kxb6 33. Qd8+ Kc6 34. Qc8+ Kb6 35. Qd7 Ka5 36. Qb5# 1-0


[Site "https://www.chess.com"]

[Event "Titled Tuesday Blitz May 24 Early 2022"]
[White "Li, Hui"]
[Black "Osiecki, Stanislaw"]
[WhiteFideId "15400310"]
[BlackFideId "1102990"]
[WhiteElo "1954"]
[BlackElo "2127"]
[Result "0-1"]
[Round "08"]
[TimeControl "180+1"]
[Date "2022.05.25"]
[WhiteClock "0:00:01"]
[BlackClock "0:00:11"]

1. e4 e6 2. d4 d5 3. Nd2 c5 4. exd5 exd5 5. Ngf3 cxd4 6. Nxd4 Nc6 7. Bb5 Bd7 8. N2f3 Bd6 9. O-O Nge7 10. Re1 O-O 11. Bf1 Bg4 12. Be2 Nxd4 13. Nxd4 Bxe2 14. Qxe2 Nc6 15. Nxc6 bxc6 16. Bd2 Qc7 17. g3 Bc5 18. Rad1 Qb6 19. b3 h6 20. Be3 a5 21. c4 d4 22. Bf4 Rfd8 23. Qg4 Kh8 24. Qf5 Qa7 25. Rd3 Re8 26. Re5 Rxe5 27. Bxe5 Rd8 28. h4 Qe7 29. Kg2 f6 30. Bf4 g5 31. hxg5 hxg5 32. Bc1 Kg7 33. Bb2 Qd6 34. Bc1 Rh8 35. Rf3 Qe7 36. Bxg5 fxg5 37. Rd3 Rf8 38. Qg4 Qf6 39. Rf3 Qe7 40. Rxf8 Kxf8 41. Qf5+ Kg7 0-1


[Site "https://www.chess.com"]

[Event "Titled Tuesday Blitz May 24 Early 2022"]
[White "Livaic, Leon"]
[Black "Kollars, Dmitrij"]
[WhiteFideId "14531534"]
[BlackFideId "12909572"]
[WhiteElo "2540"]
[BlackElo "2584"]
[Result "0-1"]
[Round "08"]
[TimeControl "180+1"]
[Date "2022.05.24"]
[WhiteClock "0:00:06"]
[BlackClock "0:00:09"]

1. d4 Nf6 2. c4 e6 3. Nf3 d5 4. Nc3 dxc4 5. e3 a6 6. Bxc4 b5 7. Bb3 c5 8. O-O Bb7 9. e4 Nbd7 10. e5 cxd4 11. exf6 dxc3 12. fxg7 Bxg7 13. bxc3 Nc5 14. Qe2 Qd3 15. Qxd3 Nxd3 16. Bd2 O-O-O 17. Bg5 Rd7 18. Bh4 Bxc3 19. Rab1 h5 20. Bd1 Bd5 21. Bb3 Bxf3 22. gxf3 Ne5 23. Bd1 Rxd1 24. Rfxd1 Nxf3+ 25. Kh1 Nxh4 26. Rdc1 Rd8 27. Rxc3+ Kb7 28. a4 Rd5 29. axb5 axb5 30. Rbc1 Kb6 31. Rc6+ Ka5 32. Ra1+ Kb4 33. Rb1+ Ka5 34. Rc7 Rf5 35. Rc2 Nf3 36. Ra1+ Kb6 37. Rb2 Nd4 38. Rb4 Nc2 39. Rbb1 Nxa1 40. Rxa1 b4 41. Rb1 Rb5 42. Kg2 b3 43. Kf3 Ka5 44. Ke3 Kb4 45. Kd3 Rd5+ 46. Ke4 f5+ 47. Kf4 Kc3 48. Kg5 b2 49. Kxh5 Kc2 50. Re1 Rd1 51. Re2+ Rd2 52. Rxe6 b1=Q 53. Kg5 Rxf2 54. h4 Qc1+ 55. Kg6 Rg2+ 56. Kh7 Qh1 57. Rh6 Rh2 58. Rg6 Rxh4+ 59. Kg7 Rg4 60. Kf7 Rxg6 61. Kf8 f4 62. Ke7 Qh7+ 63. Kf8 Rg8# 0-1


[Site "https://www.chess.com"]

[Event "Titled Tuesday Blitz May 24 Early 2022"]
[White "Ljukin, Sergei"]
[Black "Araujo Filho, Luiz Antonio Coel"]
[WhiteFideId "14102200"]
[BlackFideId "2130661"]
[WhiteElo "2312"]
[BlackElo "2249"]
[Result "1/2-1/2"]
[Round "08"]
[TimeControl "180+1"]
[Date "2022.05.25"]
[WhiteClock "0:00:15"]
[BlackClock "0:00:16"]

1. e4 c6 2. d4 d5 3. e5 Bf5 4. Nd2 e6 5. Nb3 Ne7 6. Nf3 Nd7 7. Be2 Qc7 8. O-O c5 9. dxc5 Nxc5 10. Nbd4 Nc6 11. Nxf5 exf5 12. Qxd5 Ne6 13. Bb5 Rd8 14. Bxc6+ bxc6 15. Qc4 Be7 16. Be3 O-O 17. Rfd1 Rb8 18. b3 Rb4 19. Qc3 f4 20. Bd2 Rb5 21. Qb2 g5 22. c4 Rbb8 23. Nd4 Qxe5 24. Bc3 Nxd4 25. Bxd4 Qf5 26. f3 Rb7 27. Qe2 Rd8 28. Bf2 Rbd7 29. Rxd7 Rxd7 30. Rd1 Rxd1+ 31. Qxd1 Bc5 32. h3 Bxf2+ 33. Kxf2 Qc5+ 34. Kf1 h6 35. Qe2 Qd4 36. Qe8+ Kg7 37. Qxc6 Qa1+ 38. Kf2 Qxa2+ 39. Kg1 Qxb3 40. c5 Qe3+ 41. Kh2 Qf2 42. Qd6 Qg3+ 43. Kg1 Qe1+ 44. Kh2 Qg3+ 45. Kg1 Qe1+ 46. Kh2 Qg3+ 1/2-1/2


[Site "https://www.chess.com"]

[Event "Titled Tuesday Blitz May 24 Early 2022"]
[White "Lopez, Henry"]
[Black "Dimitrov, Atanas"]
[WhiteFideId "5203830"]
[BlackFideId "2901315"]
[WhiteElo "2177"]
[BlackElo "2682"]
[Result "1-0"]
[Round "08"]
[TimeControl "180+1"]
[Date "2022.05.25"]
[WhiteClock "0:00:15"]
[BlackClock "0:00:06"]

1. d4 Nf6 2. Nf3 e6 3. c4 d5 4. Nc3 Be7 5. Bg5 O-O 6. e3 b6 7. cxd5 Nxd5 8. Bxe7 Nxe7 9. Bd3 h6 10. Qc2 Bb7 11. O-O-O Nbc6 12. a3 Rc8 13. Kb1 Nd5 14. Nxd5 exd5 15. Bf5 Rb8 16. g4 Ne7 17. Bd3 Rc8 18. g5 h5 19. g6 fxg6 20. Ne5 Qd6 21. Rhg1 Rf6 22. f4 c5 23. Qa4 a6 24. dxc5 bxc5 25. Rg5 d4 26. Bc4+ Bd5 27. Bxd5+ Nxd5 28. Nc4 Qe6 29. Re5 Qf7 30. exd4 Rxf4 31. Nd6 Nc3+ 32. bxc3 Rb8+ 33. Kc1 Qa2 34. Qc4+ Qxc4 35. Nxc4 cxd4 36. Rxd4 Rf1+ 37. Kc2 Rf2+ 38. Rd2 Rf4 39. Nd6 Ra4 40. Re7 Rxa3 41. Kd1 Rxc3 42. Ne4 Kh7 43. Nxc3 Rc8 44. Ne4 Rc4 45. h4 Kh6 46. Rd8 g5 47. Re6+ g6 48. hxg5+ 1-0


[Site "https://www.chess.com"]

[Event "Titled Tuesday Blitz May 24 Early 2022"]
[White "Makhnev, Denis"]
[Black "Tarigan, Gilbert Elroy"]
[WhiteFideId "13707647"]
[BlackFideId "7108133"]
[WhiteElo "2501"]
[BlackElo "1908"]
[Result "1-0"]
[Round "08"]
[TimeControl "180+1"]
[Date "2022.05.24"]
[WhiteClock "0:00:17"]
[BlackClock "0:00:01"]

1. d4 d5 2. c4 c6 3. Nf3 Nf6 4. Qb3 g6 5. Bf4 dxc4 6. Qxc4 Bg7 7. e3 O-O 8. Nc3 Be6 9. Qa4 Nd5 10. Be5 Nd7 11. Bxg7 Kxg7 12. Be2 Qb6 13. Qa3 Qb4 14. Qxb4 Nxb4 15. O-O Bg4 16. Rac1 e6 17. Rfd1 Bxf3 18. Bxf3 Rac8 19. a3 Nd5 20. Ne4 N7f6 21. Nc5 Rb8 22. b4 Rfd8 23. g3 Nd7 24. Nb3 h5 25. h4 N7f6 26. Kf1 Ra8 27. Na5 Rd7 28. Ke1 Re8 29. Nc4 Rdd8 30. Rc2 Nb6 31. Na5 Rd7 32. Ke2 Nbd5 33. Nb3 Rdd8 34. Nc5 Re7 35. Rb1 a6 36. a4 Ra8 37. Nd3 Rd8 38. b5 cxb5 39. axb5 axb5 40. Rxb5 b6 41. Ne5 Ra8 42. e4 Nc7 43. Rxb6 Ra4 44. Nc6 Rd7 45. Rb7 1-0


[Site "https://www.chess.com"]

[Event "Titled Tuesday Blitz May 24 Early 2022"]
[White "Maksimovic, Bojan"]
[Black "Svane, Rasmus"]
[WhiteFideId "14408120"]
[BlackFideId "4657101"]
[WhiteElo "2448"]
[BlackElo "2674"]
[Result "0-1"]
[Round "08"]
[TimeControl "180+1"]
[Date "2022.05.24"]
[WhiteClock "0:00:01"]
[BlackClock "0:00:13"]

1. e4 c6 2. d4 d5 3. Nc3 dxe4 4. Nxe4 Nf6 5. Nxf6+ exf6 6. c3 Bd6 7. Bd3 O-O 8. Ne2 Re8 9. Qc2 h5 10. O-O h4 11. h3 Nd7 12. Bd2 Nf8 13. Rae1 Bd7 14. c4 Rc8 15. f4 Ne6 16. f5 Ng5 17. c5 Bb8 18. Nf4 Qc7 19. Qd1 Rxe1 20. Qxe1 Rd8 21. Qxh4 Bc8 22. Nh5 Qd7 23. Bxg5 fxg5 24. Qxg5 Qxd4+ 25. Kh1 Rd5 26. Re1 Bd7 27. Be4 Qe5 28. Rf1 Qh2# 0-1


[Site "https://www.chess.com"]

[Event "Titled Tuesday Blitz May 24 Early 2022"]
[White "Manukian, Artak"]
[Black "Shuvalova, Polina"]
[WhiteFideId "13301373"]
[BlackFideId "24171760"]
[WhiteElo "2527"]
[BlackElo "2355"]
[Result "1-0"]
[Round "08"]
[TimeControl "180+1"]
[Date "2022.05.25"]
[WhiteClock "0:00:22"]
[BlackClock "0:00:02"]

1. e4 c5 2. Nf3 d6 3. Bb5+ Nd7 4. O-O Nf6 5. Re1 a6 6. Bd3 e6 7. a4 b6 8. c3 Bb7 9. Bc2 Be7 10. d4 O-O 11. e5 Ne8 12. Qd3 g6 13. Bh6 Ng7 14. Nbd2 Rc8 15. Ne4 dxe5 16. dxe5 Qc7 17. Neg5 c4 18. Qe3 Bxf3 19. Nxf3 Rfd8 20. g4 Nc5 21. Nd4 Rd5 22. Re2 Rcd8 23. Rae1 Qb7 24. f4 b5 25. axb5 axb5 26. f5 exf5 27. gxf5 Nd3 28. Bxg7 Nxe1 29. Rxe1 Bc5 30. e6 Kxg7 31. f6+ Kxf6 32. Rf1+ Kg7 33. Rxf7+ Qxf7 34. exf7 Bxd4 35. cxd4 Kxf7 36. Qh3 Kg7 37. Qe6 Rxd4 38. Qe7+ Kh6 39. h4 R8d6 40. Be4 Rd1+ 41. Kf2 R1d2+ 42. Kf3 Rd1 43. Ke2 R1d2+ 44. Ke3 Rd1 45. Qf8+ Kh5 46. Bf3+ Kxh4 47. Bxd1 Rxd1 48. Qf4+ Kh5 49. Qf3+ 1-0


[Site "https://www.chess.com"]

[Event "Titled Tuesday Blitz May 24 Early 2022"]
[White "Martin Carmona, Gaston Manuel"]
[Black "Gallego Alcaraz, Andres Felipe"]
[WhiteFideId "22284567"]
[BlackFideId "4402669"]
[WhiteElo "2162"]
[BlackElo "2340"]
[Result "1-0"]
[Round "08"]
[TimeControl "180+1"]
[Date "2022.05.25"]
[WhiteClock "0:00:09"]
[BlackClock "0:00:05"]

1. d4 f5 2. g3 Nf6 3. Bg2 g6 4. Nf3 Bg7 5. O-O O-O 6. b3 d6 7. Bb2 c6 8. Nbd2 Ne4 9. c4 a5 10. a3 h6 11. e3 Nd7 12. Qc2 Ndf6 13. d5 Bd7 14. Nxe4 Nxe4 15. Bxg7 Kxg7 16. Nd2 cxd5 17. cxd5 Nxd2 18. Qxd2 Qb6 19. Rfb1 Rfc8 20. Bf1 Rc7 21. a4 Qb4 22. Qxb4 axb4 23. Bc4 Kf6 24. Rc1 Rac8 25. Rd1 Rc5 26. Kf1 Ra8 27. Ke2 Raa5 28. Rd4 b5 29. Bd3 bxa4 30. bxa4 b3 31. Rb4 b2 32. Rxb2 Rxa4 33. Rxa4 Bxa4 34. Rb8 Rxd5 35. Rf8+ Kg7 36. Ra8 Bb5 37. Bxb5 Rxb5 38. Kf3 h5 39. h4 Rb4 40. Ra7 Kf6 41. Ra8 Rb7 42. Rf8+ Kg7 43. Ra8 e6 44. Rd8 d5 45. Ra8 Kf6 46. Rf8+ Rf7 47. Rg8 e5 48. Ke2 Rb7 49. Rf8+ Kg7 50. Rd8 Rb5 51. Rd7+ Kf6 52. Rd6+ Kf7 53. Kf3 Ra5 54. Rc6 e4+ 55. Kf4 Ra2 56. Kg5 Rxf2 57. Rf6+ Ke7 58. Kxg6 Rf3 59. Rxf5 Rxg3+ 60. Kxh5 Rxe3 61. Rxd5 Kf6 62. Kg4 Re1 63. Ra5 Rg1+ 64. Kf4 Rh1 65. Kxe4 Rxh4+ 66. Kd3 Rh6 67. Ra6+ Kf5 68. Rxh6 1-0


[Site "https://www.chess.com"]

[Event "Titled Tuesday Blitz May 24 Early 2022"]
[White "Martin, Lewis"]
[Black "Stevens, Christian"]
[WhiteFideId "410551"]
[BlackFideId "2604450"]
[WhiteElo "2145"]
[BlackElo "2490"]
[Result "0-1"]
[Round "08"]
[TimeControl "180+1"]
[Date "2022.05.25"]
[WhiteClock "0:00:03"]
[BlackClock "0:00:04"]

1. e4 c5 2. Nf3 e6 3. d4 cxd4 4. Nxd4 a6 5. Nc3 Qc7 6. g3 Nc6 7. Nde2 Bc5 8. Bg2 Nf6 9. O-O h5 10. Bf4 Ne5 11. h3 b5 12. a3 Bb7 13. Qd2 d6 14. Bxe5 dxe5 15. Nc1 h4 16. g4 Rd8 17. Nd3 Bd4 18. Rfe1 O-O 19. Qg5 Nh7 20. Qxh4 Bxc3 21. bxc3 Qxc3 22. g5 Rfe8 23. g6 fxg6 24. Bf3 Nf8 25. Qg5 Qxc2 26. Nxe5 Qc3 27. Rac1 Qxa3 28. Rc7 Qa5 29. Rf7 Qxe1+ 30. Kg2 Bxe4 31. Bxe4 Qxe4+ 32. f3 Qe2+ 33. Kg3 Rd2 34. Kh4 Qf2+ 35. Kg4 Qg2+ 36. Kh4 Qxg5+ 37. Kxg5 Rd5 38. f4 Rxe5+ 39. fxe5 Kxf7 0-1


[Site "https://www.chess.com"]

[Event "Titled Tuesday Blitz May 24 Early 2022"]
[White "Martinez Alcantara, Jose Eduardo"]
[Black "Liyanage, Ranindu Dilshan"]
[WhiteFideId "3805662"]
[BlackFideId "9915834"]
[WhiteElo "2690"]
[BlackElo "1858"]
[Result "1-0"]
[Round "08"]
[TimeControl "180+1"]
[Date "2022.05.24"]
[WhiteClock "0:02:10"]
[BlackClock "0:01:30"]

1. e4 e5 2. Nf3 Nc6 3. Bb5 a6 4. Ba4 Nf6 5. d3 Bc5 6. c3 d6 7. h3 Ba7 8. O-O O-O 9. Bxc6 bxc6 10. Re1 Re8 11. Be3 Bxe3 12. Rxe3 c5 13. Nbd2 Rb8 14. Qc2 Be6 15. d4 cxd4 16. cxd4 exd4 17. Nxd4 c5 18. Nc6 Qb6 19. Nxb8 Rxb8 20. b3 d5 21. Rd1 d4 22. Ree1 Nd7 23. Nf3 h6 24. Rc1 Qa5 25. Red1 Qa3 26. Ne1 a5 27. Nd3 a4 28. Nxc5 Rc8 29. b4 Qxb4 30. Nd3 Rxc2 31. Nxb4 Rxc1 32. Rxc1 Ne5 33. f4 1-0


[Site "https://www.chess.com"]

[Event "Titled Tuesday Blitz May 24 Early 2022"]
[White "Martinez, Shawn"]
[Black "Lutz, Igor Oscar"]
[WhiteFideId "2039770"]
[BlackFideId "2110806"]
[WhiteElo "2174"]
[BlackElo "1723"]
[Result "1-0"]
[Round "08"]
[TimeControl "180+1"]
[Date "2022.05.25"]
[WhiteClock "0:00:06"]
[BlackClock "0:00:20"]

1. e4 c5 2. Nc3 e6 3. g3 Nc6 4. Nge2 Nge7 5. Bg2 g6 6. d4 cxd4 7. Nxd4 Bg7 8. Be3 O-O 9. O-O a6 10. Qd2 Qc7 11. a4 Ne5 12. b3 b6 13. h3 Bb7 14. f4 N5c6 15. Nce2 Rac8 16. c4 Nxd4 17. Bxd4 Bxd4+ 18. Nxd4 d5 19. cxd5 exd5 20. e5 Qc3 21. Qf2 Nf5 22. Nxf5 gxf5 23. Kh2 Qxb3 24. Rab1 Qxa4 25. Rxb6 Rc7 26. Qb2 Ba8 27. Rf2 d4 28. Bxa8 Rxa8 29. Rb8+ Rc8 30. Rxa8 Rxa8 31. Qb7 Rd8 32. e6 Qe8 33. exf7+ Qxf7 34. Qb6 d3 35. Qxd8+ Kg7 36. Qd4+ Kg6 37. Qxd3 a5 38. g4 1-0


[Site "https://www.chess.com"]

[Event "Titled Tuesday Blitz May 24 Early 2022"]
[White "Matlakov, Maxim"]
[Black "Riehle, Marco"]
[WhiteFideId "4168003"]
[BlackFideId "12904392"]
[WhiteElo "2669"]
[BlackElo "2462"]
[Result "1-0"]
[Round "08"]
[TimeControl "180+1"]
[Date "2022.05.24"]
[WhiteClock "0:00:11"]
[BlackClock "0:00:14"]

1. d4 d5 2. Nf3 e6 3. c4 Nf6 4. g3 dxc4 5. Bg2 Nc6 6. O-O Rb8 7. Nc3 Be7 8. Qa4 O-O 9. Qxc4 a6 10. Rd1 Nb4 11. e4 b5 12. Qe2 Bb7 13. a3 Nc6 14. d5 exd5 15. e5 Nd7 16. Nxd5 Re8 17. e6 fxe6 18. Qxe6+ Kh8 19. Bf4 Bd6 20. Qh3 Nf8 21. Nxc7 Qxc7 22. Bxd6 Qb6 23. Bxb8 Rxb8 24. Ng5 Ne5 25. Qf5 Bxg2 26. Qxe5 Ba8 27. Nf7+ Kg8 28. Ng5 Qc6 29. f3 h6 30. Ne4 Re8 31. Qd4 Qg6 32. Re1 Qf7 33. Kg2 Ne6 34. Qf2 Rf8 35. Rad1 Ng5 36. Nxg5 hxg5 37. Re3 g4 38. Rde1 Bxf3+ 39. Kg1 Qc4 40. Re8 Rxe8 41. Rxe8+ Kh7 42. Re1 Kg8 43. h4 Bc6 44. Kh2 Qd5 45. Qe2 Kh8 46. Qf2 Kg8 47. Rf1 Bd7 48. Qf8+ Kh7 49. Qf4 Kg8 50. Qe3 Bc6 51. Qe2 a5 52. b4 a4 53. Rd1 Qf7 54. Rd8+ Kh7 55. Qc2+ g6 56. Qxc6 g5 57. Qe4+ Kg7 58. Qe5+ Kh7 59. Rh8+ Kg6 60. h5# 1-0


[Site "https://www.chess.com"]

[Event "Titled Tuesday Blitz May 24 Early 2022"]
[White "Mekhitarian, Krikor Sevag"]
[Black "Skliarov, Viktor"]
[WhiteFideId "2107660"]
[BlackFideId "14106736"]
[WhiteElo "2598"]
[BlackElo "2229"]
[Result "0-1"]
[Round "08"]
[TimeControl "180+1"]
[Date "2022.05.24"]
[WhiteClock "0:00:27"]
[BlackClock "0:00:12"]

1. d4 Nf6 2. Nf3 g6 3. Nc3 Bg7 4. e4 d6 5. h3 O-O 6. Be3 Nbd7 7. a4 a6 8. Bc4 e6 9. Bb3 b6 10. O-O Bb7 11. Qd3 Qe7 12. Rad1 Rfd8 13. Rfe1 c5 14. d5 e5 15. Bc4 Nh5 16. Bg5 Bf6 17. Bc1 Nf4 18. Qf1 Bg7 19. g3 Nh5 20. Be2 Rf8 21. Nh2 Nhf6 22. Kh1 h6 23. g4 Nh7 24. Qg2 Kh8 25. Nf1 Rg8 26. Ng3 Raf8 27. Kg1 Qh4 28. Be3 Bf6 29. f3 Bd8 30. Kh2 Bg5 31. Bf2 Bf4 32. Kg1 Qd8 33. Bf1 Bg5 34. Bd3 Kg7 35. Rb1 Qc8 36. Nd1 c4 37. Bf1 b5 38. axb5 axb5 39. Nc3 b4 40. Na2 b3 41. cxb3 cxb3 42. Nb4 Nc5 43. Ra1 Nf6 44. Red1 Nfd7 45. Bb5 Qc7 46. Bc6 Ra8 47. Qf1 Rgb8 48. Bxb7 Qxb7 49. Nc6 Rxa1 50. Rxa1 Ra8 51. Kg2 Ra2 52. Qb1 Qa8 0-1


[Site "https://www.chess.com"]

[Event "Titled Tuesday Blitz May 24 Early 2022"]
[White "Melikhov, Evgeny V."]
[Black "Dobre, Claudiu-Cristian"]
[WhiteFideId "4122046"]
[BlackFideId "1211854"]
[WhiteElo "1931"]
[BlackElo "2207"]
[Result "1/2-1/2"]
[Round "08"]
[TimeControl "180+1"]
[Date "2022.05.25"]
[WhiteClock "0:01:02"]
[BlackClock "0:00:36"]

1. d4 d5 2. c4 c6 3. Nc3 Nf6 4. e3 e6 5. Nf3 Nbd7 6. Bd3 Bd6 7. O-O O-O 8. e4 dxc4 9. Bxc4 e5 10. Bg5 Qe7 11. d5 Rd8 12. Qe2 Nf8 13. h3 Ng6 14. dxc6 bxc6 15. Nh4 Nxh4 16. Bxh4 Bc5 17. Qf3 Rb8 18. b3 Bd4 19. Rac1 Rd6 20. Ne2 Bb6 21. Rcd1 Rxd1 22. Rxd1 h6 23. Bxf6 Qxf6 24. Qxf6 gxf6 25. g4 Bc7 26. Ng3 Kf8 27. Nf5 Bxf5 28. gxf5 Rd8 29. Rxd8+ Bxd8 30. Kg2 Ba5 31. Kg3 Be1 32. Kf3 Bb4 33. Ke3 Bc5+ 34. Kf3 Ke7 35. Kg3 Kf8 36. f3 1/2-1/2


[Site "https://www.chess.com"]

[Event "Titled Tuesday Blitz May 24 Early 2022"]
[White "Meunier-Pion, Jean"]
[Black "Avinash, Ramesh"]
[WhiteFideId "20685327"]
[BlackFideId "45018340"]
[WhiteElo "2124"]
[BlackElo "1875"]
[Result "1-0"]
[Round "08"]
[TimeControl "180+1"]
[Date "2022.05.25"]
[WhiteClock "0:00:02"]
[BlackClock "0:01:03"]

1. e4 c6 2. d4 d5 3. e5 Bf5 4. Nf3 Nd7 5. Be2 e6 6. O-O h6 7. Nbd2 Ne7 8. Nb3 Nc8 9. a4 Be7 10. Be3 O-O 11. Ne1 c5 12. c3 cxd4 13. cxd4 Ncb6 14. g4 Bh7 15. f4 Nc4 16. Bc1 Rc8 17. Bd3 Bxd3 18. Qxd3 Qb6 19. a5 Qc6 20. Nf3 f6 21. exf6 Nxf6 22. Qg6 Qe8 23. Qxe8 Rfxe8 24. g5 Ne4 25. gxh6 gxh6 26. f5 exf5 27. Bxh6 Nxb2 28. Bf4 Nd3 29. Ne5 Rc3 30. Nc1 Nxf4 31. Rxf4 Bg5 32. Rf1 Be3+ 33. Kh1 Bxd4 34. Nf3 Rxf3 35. Rxf3 Bxa1 36. Rxf5 d4 37. Nd3 Bc3 38. Kg2 Rf8 39. Rb5 Nd6 40. Rd5 Rf6 41. h4 Kf7 42. h5 Ke6 43. Rg5 Rf5 44. Rg6+ Kd5 45. Rh6 Rg5+ 46. Kf3 Rf5+ 47. Nf4+ Ke5 48. Re6# 1-0


[Site "https://www.chess.com"]